 Dungeon Crawl Stone Soup version 0.18.1-48-g4cf74bf (webtiles) character file.

435 Eukament the Shield-Bearer (level 7, -4/54 HPs)
             Began as a Formicid Fighter on Aug 12, 2016.
             Was a Follower of Okawaru.
             Slain by an orc warrior
             ... wielding a +0 short sword
              (9 damage)
             ... on level 4 of the Dungeon.
             The game lasted 00:15:31 (2748 turns).

Eukament the Shield-Bearer (Formicid Fighter)       Turns: 2748, Time: 00:15:32

Health: -4/54      AC: 13    Str: 23      XL:     7   Next: 21%
Magic:  0/7        EV:  9    Int: 11 (14) God:    Okawaru [*.....]
Gold:   184        SH: 10    Dex: 10      Spells: 0 memorised, 6 levels left

rFire  . . .     SeeInvis +     o - +2 mace (protect)
rCold  . . .     Gourm    .     b - +0 scale mail
rNeg   . . .     Faith    .     c - +0 shield
rPois  .         Spirit   +     (helmet unavailable)
rElec  .         Dismiss  .     (no cloak)
rCorr  +         Reflect  .     (no gloves)
SustAt .         Harm     .     (no boots)
MR     .....                    d - amulet of guardian spirit
Stlth  ..........               i - ring of resist corrosion
                                u - ring of resist corrosion

@: brilliant, not resistant to hostile enchantments, extremely unstealthy
A: permanent stasis, dig shafts and tunnels, four strong arms, antennae 3, beak,
rugged brown scales 1, clever 1
a: Dig, Shaft Self, Heroism, Renounce Religion


You were on level 4 of the Dungeon.
You worshipped Okawaru.
Okawaru was aware of your devotion.
You were very full.

You visited 1 branch of the dungeon, and saw 4 of its levels.

You collected 184 gold pieces.

Inventory:

Hand Weapons
 a - a +0 war axe
 o - a +2 mace of protection (weapon)
Armour
 b - a +0 scale mail (worn)
 c - a +0 shield (worn)
Jewellery
 d - an amulet of guardian spirit (around neck)
 i - a ring of resist corrosion (right hand)
 u - a ring of resist corrosion (left hand)
Wands
 e - a wand of slowing (22/48)
Scrolls
 p - a scroll of noise {unknown}
 s - a scroll of immolation {unknown}
Potions
 g - 2 potions of magic
 k - a potion of brilliance
Comestibles
 f - 3 bread rations


   Skills:
 + Level 3.9 Fighting
 - Level 2.2(3.0) Axes
 * Level 3.1(3.4) Maces & Flails
 + Level 4.4 Armour
 + Level 2.8 Dodging
 + Level 0.3 Stealth
 + Level 5.5 Shields


You had 6 spell levels left.
You didn't know any spells.

Dungeon Overview and Level Annotations

Branches:
Dungeon (4/15)
 Temple: D:4-7

Altars:
Okawaru
Qazlal


Innate Abilities, Weirdness & Mutations

You are under a permanent stasis effect.
You can dig through walls and to a lower floor.
Your four strong arms can wield two-handed weapons with a shield.
You have a pair of large antennae on your head (SInv).
You have a beak for a mouth.
You are partially covered in rugged brown scales (AC +1, +3% HP).
Your mind is acute. (Int +2)


Message History

You closely miss the orc warrior. Your peck misses the orc warrior.
The orc warrior is severely wounded.
The orc hits you but does no damage. x2
The orc warrior hits you with a short sword!
You closely miss the orc warrior. Your peck misses the orc warrior.
The orc warrior is severely wounded.
The orc hits you but does no damage. You block the orc's attack.
The orc warrior hits you with a short sword!
* * * LOW HITPOINT WARNING * * *
The orc hits you.
* * * LOW HITPOINT WARNING * * *
You block the orc's attack.
Found a short sword.
There is a stone staircase leading down here.
You closely miss the orc warrior.
The orc warrior is severely wounded.
You block the orc's attack. You block the orc warrior's attack.
The orc hits you but does no damage.
The orc warrior hits you with a short sword!
You die...

#$8 8(. #.# {
{##(.#.# #.#
##.(#..# #.#
#.....# #.#
#.####.#######.#
#......).......#
#..##o#..###..##
#####.##oo.##
#.....
.).....@o###
#######
##########


You could see an orc warrior and 3 orcs.

Vanquished Creatures
  The ghost of Schimscham the Magician, an amateur OpWz of Sif Muna (D:3)
  A hound (D:4)
  2 orc priests
  An orc wizard (D:4)
  Jessica (D:2)
  An iguana (D:4)
  Robin (D:3)
  3 adders
  6 gnolls (D:4)
  2 worms
  A dart slug (D:2)
  A giant gecko (D:1)
  5 orcs
  3 giant cockroaches
  17 goblins
  15 hobgoblins
  10 jackals
  4 kobolds
  A quokka (D:3)
  3 bats (D:1)
  3 giant newts
  2 rats (D:1)
84 creatures vanquished.

Notes
Turn   | Place    | Note
--------------------------------------------------------------
     0 | D:1      | Eukament the Formicid Fighter began the quest for the Orb.
     0 | D:1      | Reached XP level 1. HP: 18/18 MP: 1/1
   125 | D:1      | Reached XP level 2. HP: 23/24 MP: 2/2
   377 | D:1      | Reached XP level 3. HP: 29/29 MP: 3/3
   440 | D:1      | Reached skill level 4 in Shields
   843 | D:2      | Found an iron altar of Okawaru.
   846 | D:2      | Became a worshipper of Warmaster Okawaru
   867 | D:2      | Noticed Jessica
   881 | D:2      | Killed Jessica
   881 | D:2      | Reached skill level 1 in Maces & Flails
   881 | D:2      | Reached XP level 4. HP: 22/35 MP: 4/4
  1045 | D:2      | Reached skill level 1 in Dodging
  1311 | D:2      | Found a stormy altar of Qazlal.
  1518 | D:3      | Reached XP level 5. HP: 42/42 MP: 5/5
  1802 | D:3      | Noticed Robin
  1847 | D:3      | Killed Robin
  2181 | D:3      | Gained mutation: You are dopey. (Int -2) [potion of mutation]
  2181 | D:3      | Gained mutation: You are partially covered in rugged brown scales (AC +1, +3% HP). [potion of mutation]
  2182 | D:3      | Lost mutation: You are dopey. (Int -2) [potion of mutation]
  2182 | D:3      | Gained mutation: Your mind is acute. (Int +2) [potion of mutation]
  2182 | D:3      | Gained mutation: You have a beak for a mouth. [potion of mutation]
  2311 | D:3      | Noticed Schimscham's ghost (amateur OpWz)
  2321 | D:3      | Killed Schimscham's ghost
  2321 | D:3      | Reached * piety under Okawaru
  2321 | D:3      | Reached skill level 5 in Shields
  2321 | D:3      | Reached XP level 6. HP: 47/49 MP: 6/6
  2585 | D:4      | Reached XP level 7. HP: 54/54 MP: 7/7
  2748 | D:4      | Slain by an orc warrior

Skill      XL: |  1  2  3  4  5  6  7 |
---------------+----------------------+-----
Shields        | 4 5 |  5.5
Maces & Flails | 1 2 3 |  3.1
Armour         | 4 |  4.4
Dodging        | 1 2 |  2.8
Fighting       | |  3.9
Axes           | |  2.2
Stealth        | |  0.3

Action                   |  1- 3 |  4- 6 |  7- 9 || total
-------------------------+-------+-------+-------++-------
Melee: War axe           |    64 |       |       ||    64
       Mace              |    27 |   189 |    28 ||   244
       Peck              |       |    12 |     9 ||    21
  Use: Potion            |       |    10 |     1 ||    11
       Scroll            |       |     4 |       ||     4
  Eat: Meat ration       |       |     2 |       ||     2
       Fruit             |       |     3 |       ||     3
       Pizza             |       |     1 |       ||     1
Armor: Scale mail        |    50 |   120 |    17 ||   187
Dodge: Dodged            |    31 |   108 |    12 ||   151
Block: Shield            |    51 |   156 |    22 ||   229
